 Dungeon Sprint DCSS version 0.21.1-1-g345015f (webtiles) character file.

80278 wilfster70 the Deadly Accurate (level 15, -11/141 HPs)
             Began as a Gnoll Fighter on May 24, 2018.
             Was the Champion of Cheibriados.
             Killed from afar by a yellow draconian scorcher (14 damage)
             ... with a bolt of magma
             ... in the Dungeon (Sprint V: "Ziggurat Sprint") on May 30, 2018.
             The game lasted 00:26:18 (2523 turns).

wilfster70 the Deadly Accurate (Gnoll Fighter)      Turns: 2523, Time: 00:26:19

Health: -11/141    AC: 27    Str: 36    XL:     15   Next: 66%
Magic:  0/35       EV: 23    Int: 35    God:    Cheibriados [******]
Gold:   0          SH: 21    Dex: 33    Spells: 19/46 levels left

rFire    + + .     SeeInvis +   a - +14 obsidian axe {chop, +Fly SInv *Curse} (curse)
rCold    + + +     Gourm    .   N - +3 shield "Tiekk" {rPois rC++}
rNeg     . . .     Faith    .   B - +5 gold dragon scales
rPois    +         Spirit   +   G - +0 helmet {SInv}
rElec    +         Reflect  .   O - +2 cloak
rCorr    .         Harm     .   (no gloves)
MR       +++..     NoTele   +   (no boots)
Stlth    ..........             y - amulet of guardian spirit
HPRegen  0.33/turn              I - ring of Xeasiur {rElec rC+ Dex+4 Slay+4}
MPRegen  0.24/turn              H - ring of Sin {-Tele rF+ MR++ Str+2 Int+5}

@: corroded, mesmerised, studying 3 skills, very slow
A: distributed training, fangs 1, dopey 1, strong nose
a: Bend Time, Temporal Distortion, Slouch, Step From Time, Renounce Religion,
Evoke Flight


You were in the Dungeon.
You worshipped Cheibriados.
Cheibriados was exalted by your worship.
You were not hungry.

You visited 1 branch

Inventory:

Hand Weapons
 a - the cursed +14 obsidian axe (weapon) {chop, +Fly SInv *Curse}
   (You found it in the Dungeon)

   It inflicts extra damage upon your enemies.
   It lets you see invisible.
   It lets you fly.
   It curses itself when equipped.
   It has a curse placed upon it.
Armour
 B - +5 gold dragon scales (worn)
 G - a +0 helmet of see invisible (worn)
 M - a scarf of cloud immunity
 N - the +3 shield "Tiekk" (worn) {rPois rC++}
   (You found it in the Dungeon)

   It greatly protects you from cold.
   It protects you from poison.
 O - a +2 cloak (worn)
Jewellery
 v - the ring of the Thoughtful Places {*Corrode rElec rC- rN+ Stlth+}
   (You took it off a red draconian in the Dungeon)

   [ring of positive energy]

   It makes you vulnerable to cold.
   It insulates you from electricity.
   It protects you from negative energy.
   It may corrode you when you take damage.
   It makes you more stealthy.
 y - an amulet of guardian spirit (around neck)
 H - the ring of Sin (right hand) {-Tele rF+ MR++ Str+2 Int+5}
   (You found it in the Dungeon)

   [ring of intelligence]

   It affects your strength (+2).
   It affects your intelligence (+5).
   It protects you from fire.
   It affects your resistance to hostile enchantments.
   It prevents most forms of teleportation.
 I - the ring of Xeasiur (left hand) {rElec rC+ Dex+4 Slay+4}
   (You found it in the Dungeon)

   [ring of slaying]

   It affects your dexterity (+4).
   It affects your accuracy and damage with ranged weapons and melee attacks
   (+4).
   It protects you from cold.
   It insulates you from electricity.
 K - the ring of Nyoklamn {rElec rPois rF+ rC+}
   (You took it off a draconian monk in the Dungeon)

   [ring of protection from fire]

   It protects you from fire.
   It protects you from cold.
   It insulates you from electricity.
   It protects you from poison.
Wands
 h - a wand of disintegration (7)
 j - a wand of iceblast (7)
 n - a wand of acid (7)
 E - a wand of polymorph (16)
Scrolls
 b - a scroll of brand weapon
 k - 4 scrolls of blinking
 p - 4 scrolls of amnesia
 q - 7 scrolls of fog
 r - a scroll of holy word
 s - 5 scrolls of identify
 t - 5 scrolls of remove curse
 u - 2 scrolls of fear
Potions
 c - 2 potions of brilliance
 d - 7 potions of might
 e - 10 potions of curing
 g - 15 potions of heal wounds
 i - 5 potions of magic
 l - 2 potions of invisibility
 m - 4 potions of resistance
 o - 5 potions of agility
Books
 x - a manual of Summonings
 z - a manual of Throwing
 A - a manual of Summonings
 L - a manual of Fighting
Miscellaneous
 F - 2 boxes of beasts
Comestibles
 f - 6 rations


   Skills:
 + Level 20.2 Fighting
 + Level 16.1 Short Blades
 + Level 16.1 Long Blades
 + Level 16.5 Axes
 + Level 16.1 Maces & Flails
 + Level 16.1 Polearms
 + Level 16.1 Staves
 + Level 16.1 Slings
 + Level 16.1 Bows
 + Level 16.1 Crossbows
 + Level 20.4 Throwing
 + Level 17.0 Armour
 + Level 16.1 Dodging
 + Level 16.1 Stealth
 + Level 17.0 Shields
 + Level 16.1 Unarmed Combat
 + Level 16.1 Spellcasting
 + Level 13.8 Conjurations
 + Level 13.8 Hexes
 + Level 13.8 Charms
 + Level 17.7 Summonings
 + Level 13.8 Necromancy
 + Level 13.8 Translocations
 + Level 13.8 Transmutations
 + Level 13.8 Fire Magic
 + Level 13.8 Ice Magic
 + Level 13.8 Air Magic
 + Level 13.8 Earth Magic
 + Level 13.8 Poison Magic
 + Level 17.3 Invocations
 + Level 16.1 Evocations


You had 19 spell levels left.
You knew the following spells:

 Your Spells              Type           Power        Failure   Level  Hunger
a - Regeneration          Chrm/Necr      #######...   1%          3    None
b - Spectral Weapon       Hex/Chrm       #######.     1%          3    None
c - Ignite Poison         Fire/Tmut/Pois #######.     1%          3    None
d - Mephitic Cloud        Conj/Pois/Air  #######.     1%          3    None
e - Olgreb's Toxic Radia  Pois           #######.     1%          4    None
f - Summon Lightning Spi  Summ/Air       #######.     1%          4    None
g - Shroud of Golubria    Chrm/Tloc      #######...   1%          2    None
h - Alistair's Intoxicat  Tmut/Pois      #######.     1%          5    None


Dungeon Overview and Level Annotations

Branches:
Dungeon (1/1)

Altars:
Ashenzari
Cheibriados
Dithmenos
Elyvilon
Fedhas
Gozag
Hepliaklqana
Kikubaaqudgha
Makhleb
Nemelex Xobeh
Okawaru
Qazlal
Ru
Sif Muna
Trog
Uskayaw
Vehumet
Wu Jian
Xom
Yredelemnul
Zin
The Shining One
Beogh
Jiyva
Lugonu


Innate Abilities, Weirdness & Mutations

Your experience applies equally to all skills.
You have very sharp teeth.
Your uncanny sense of smell can sniff out nearby items.
You are dopey. (Int -2)


Message History

Your Spellcasting skill increases to level 16!
Your Evocations skill increases to level 16!
The bolt of electricity misses the green draconian scorcher.
You cut the white draconian into ribbons!!!
You kill the white draconian!
Cheibriados appreciates the change of pace.
Your Armour skill increases to level 17!
Your Shields skill increases to level 17!
You slash the yellow draconian scorcher!
You slice the red draconian!!
You kill the red draconian!
Cheibriados appreciates the change of pace.
The yellow draconian throws acid at you.
The glob of acid hits you!
* * * LOW HITPOINT WARNING * * *
You are splashed with acid!
The acid burns!
* * * LOW HITPOINT WARNING * * *
The yellow draconian scorcher gestures at you while chanting.
The bolt of magma hits you! You partially resist.
You die...

∆∆∆∆∆∆∆∆∆∆∆ ▓.....)
▓....:[):."}.. ▓....)(
▓.............. ▓..▓.)(
▓....q..........▓.▓▓▓.(
▓..d...dd.q.....▓..▓...
▓...)qdddq).....▓......
▓...dd.qdd......▓...(..
▓....d)d........▓▓▓▓▓▓▓
▓....q@)........
▓...▓)).....▓...
▓.........8.....
▓...............
▓.......©.......
▓▓▓▓▓▓▓▓▓▓▓▓▓▓▓▓
∆∆∆∆∆∆∆∆∆∆∆∆∆∆
∆∆∆∆∆∆∆∆∆∆∆∆∆∆


You could see 2 draconians, 3 draconians, a yellow draconian, 2 draconians, a
purple draconian, 3 draconians, 2 draconians, a yellow draconian annihilator, 3
draconians and a friendly lightning spire.

Vanquished Creatures
  Nikola (D)
  3 draconian monks (D)
  2 fire giants (D)
  An orc warlord (D)
  2 draconian shifters (D)
  3 draconian stormcallers (D)
  A draconian annihilator (D)
  2 very ugly things (D)
  7 stone giants (D)
  6 green draconians (D)
  7 white draconians (D)
  3 red draconians (D)
  4 purple draconians (D)
  A dire elephant (D)
  A death ooze (D)
  10 vault guards (D)
  An anaconda (D)
  2 spriggan air magi (D)
  An ogre mage (D)
  A satyr (D)
  2 spriggan berserkers (D)
  A hell knight (D)
  Pikel (D)
  A wolf spider (D)
  An orb spider (D)
  4 cyclopes (D)
  A moth of wrath (D)
  A faun (shapeshifter) (D)
  An ugly thing (D)
  A black mamba (D)
  2 naga magi (D)
  A torpor snail (shapeshifter) (D)
  An eye of devastation (D)
  Psyche (D)
  A rime drake (shapeshifter) (D)
  A dryad (D)
  3 yaktaurs (D)
  A tormentor (D)
  4 trolls (D)
  2 hornets (D)
  2 jumping spiders (D)
  A slime creature (shapeshifter) (D)
  9 slime creatures (D)
  Sigmund (D)
  A spriggan (D)
  2 wraiths (D)
  A tarantella (shapeshifter) (D)
  5 redbacks (D)
  2 tarantellas (D)
  A golden eye (D)
  A neqoxec (D)
  Menkaure (D)
  A floating eye (D)
  3 water moccasins (D)
  A black bear (D)
  An ice beast (D)
  8 orc warriors (D)
  4 phantoms (D)
  Purgy (D)
  2 necrophages (D)
  4 ogres (D)
  2 wolves (D)
  A wight (D)
  7 jellies (D)
  A quasit (D)
  2 orc priests (D)
  Jessica (D)
  Ijyb (D)
  An orc wizard (D)
  An adder (D)
  A white imp (D)
  2 oozes (D)
  3 adder zombies (D)
  3 adder skeletons (D)
  An adder simulacrum (D)
  2 orcs (D)
  4 bat skeletons (D)
  A bat zombie (D)
  A ball python (D)
  A ball python zombie (D)
  A giant cockroach zombie (D)
  A jackal skeleton (D)
  A leopard gecko zombie (D)
  A quokka simulacrum (D)
  A quokka skeleton (D)
  A quokka zombie (D)
  2 butterflies (D)
186 creatures vanquished.

Vanquished Creatures (collateral kills)
  A shadow dragon (D)
  An orc warlord (D)
  A draconian shifter (D)
  A draconian stormcaller (D)
  A red draconian (D)
  A yellow draconian (D)
  2 white draconians (D)
  2 vault guards (D)
  Sonja (D)
  5 yaktaurs (D)
  A naga (D)
  2 floating eyes (shapeshifter) (D)
  2 black bears (D)
  2 phantoms (D)
  2 ogres (D)
  2 orc priests (D)
  An orc wizard (D)
  A ball python (D)
29 creatures vanquished.

Vanquished Creatures (others)
  Rupert (D)
  Kirke (D)
  A green draconian (D)
  Harold (D)
  A spatial maelstrom (D)
  Edmund (D)
  Crazy Yiuf (D)
7 creatures vanquished.

Grand Total: 222 creatures vanquished

Notes
Turn   | Place    | Note
-------+----------+-------------------------------------------
     0 | D        | Found the +6 Majin-Bo {vamp, Archmagi MP+6 Int+6}
     0 | D        | Found the +7 great mace "Firestarter" {inner flame, rF++}
     0 | D        | wilfster70 the Gnoll Fighter began the quest for the Orb.
     0 | D        | Reached XP level 1. HP: 23/23 MP: 1/1
     0 | D        | Found a deep blue altar of Sif Muna.
     0 | D        | Found a bloodstained altar of Trog.
     0 | D        | Found a sacrificial altar of Ru.
     0 | D        | Found a stormy altar of Qazlal.
     0 | D        | Found an iron altar of Okawaru.
    10 | D        | Banished a spatial maelstrom
    22 | D        | Found a blossoming altar of Fedhas.
    32 | D        | Found a viscous altar of Jiyva.
    32 | D        | Found a hazy altar of Hepliaklqana.
    32 | D        | Found a transporter.
    32 | D        | Found an opulent altar of Gozag.
    32 | D        | Found an ancient bone altar of Kikubaaqudgha.
    32 | D        | Found a corrupted altar of Lugonu.
    38 | D        | Became a worshipper of Cheibriados the Contemplative
    46 | D        | Found a sparkling altar of Nemelex Xobeh.
    48 | D        | Found a burning altar of Makhleb.
    55 | D        | Reached skill level 5 in Axes
    55 | D        | Reached skill level 1 in Conjurations
    55 | D        | Reached skill level 1 in Hexes
    55 | D        | Reached skill level 1 in Charms
    55 | D        | Reached skill level 1 in Summonings
    55 | D        | Reached skill level 1 in Necromancy
    55 | D        | Reached skill level 1 in Translocations
    55 | D        | Reached skill level 1 in Transmutations
    55 | D        | Reached skill level 1 in Fire Magic
    55 | D        | Reached skill level 1 in Ice Magic
    55 | D        | Reached skill level 1 in Air Magic
    55 | D        | Reached skill level 1 in Earth Magic
    55 | D        | Reached skill level 1 in Poison Magic
    55 | D        | Reached XP level 2. HP: 31/31 MP: 1/5
    98 | D        | Found the +9 heavy crossbow "Sniper" {velocity, Acc+∞ SInv}
    98 | D        | Found the +10 dark maul {crush}
    98 | D        | Found the +15 Maxwell's patent armour {-Cast -Tele rElec MR+ rCorr}
    98 | D        | Found the +18 shield of the Gong {rElec rN+ MR+ EV-5}
    98 | D        | Found the cursed +14 obsidian axe {chop, +Fly SInv *Curse}
    99 | D        | Found the +6 shillelagh "Devastator" {shatter}
    99 | D        | Found the +11 plutonium sword {*Contam Stlth-}
    99 | D        | Found the +8 lance "Wyrmbane" {slay drac, rPois rF+ rC+ AC+3}
    99 | D        | Found the +9 sword of Zonguldrok {reap}
    99 | D        | Found the cursed +13 scythe of Curses {drain, *Curse}
    99 | D        | Found the +0 sword of Power
    99 | D        | Found the +6 mace of Variability {chaos}
    99 | D        | Found the +7 Singing Sword
    99 | D        | Found the +7 longbow "Piercer" {penet, EV-2}
   118 | D        | Entered arena 2.
   118 | D        | Noticed a water moccasin
   118 | D        | Found a transporter.
   121 | D        | Killed a water moccasin
   121 | D        | Reached * piety under Cheibriados
   121 | D        | Reached XP level 3. HP: 36/36 MP: 5/7
   121 | D        | Reached XP level 4. HP: 43/43 MP: 6/9
   125 | D        | Got the ring "Bidonov" {Ice Int+3}
   131 | D        | Entered arena 3.
   131 | D        | Found a transporter.
   136 | D        | Reached ** piety under Cheibriados
   136 | D        | Reached XP level 5. HP: 47/48 MP: 8/10
   148 | D        | Entered arena 4.
   148 | D        | Noticed an ice beast
   148 | D        | Found a transporter.
   150 | D        | Killed an ice beast
   150 | D        | Reached *** piety under Cheibriados
   150 | D        | Reached XP level 6. HP: 56/56 MP: 10/12
   157 | D        | Identified Leyresom's Compendium of Venom and Curses (You found it in the Dungeon)
   162 | D        | Learned a level 3 spell: Ignite Poison
   163 | D        | Entered arena 5.
   163 | D        | Found a transporter.
   165 | D        | Reached **** piety under Cheibriados
   166 | D        | Reached skill level 5 in Invocations
   296 | D        | Entered arena 6.
   296 | D        | Noticed a yaktaur
   296 | D        | Noticed a yaktaur
   296 | D        | Noticed a yaktaur
   296 | D        | Noticed a yaktaur
   296 | D        | Noticed a yaktaur
   296 | D        | Found a transporter.
   298 | D        | Killed a yaktaur
   298 | D        | Reached ***** piety under Cheibriados
   298 | D        | Reached skill level 5 in Short Blades
   298 | D        | Reached skill level 5 in Long Blades
   298 | D        | Reached skill level 5 in Maces & Flails
   298 | D        | Reached skill level 5 in Polearms
   298 | D        | Reached skill level 5 in Staves
   298 | D        | Reached skill level 5 in Slings
   298 | D        | Reached skill level 5 in Bows
   298 | D        | Reached skill level 5 in Crossbows
   298 | D        | Reached skill level 5 in Throwing
   298 | D        | Reached skill level 5 in Dodging
   298 | D        | Reached skill level 5 in Stealth
   298 | D        | Reached skill level 5 in Unarmed Combat
   298 | D        | Reached skill level 5 in Spellcasting
   298 | D        | Reached skill level 5 in Evocations
   298 | D        | Reached XP level 7. HP: 57/63 MP: 14/14
   300 | D        | Killed a yaktaur
   300 | D        | Killed a yaktaur
   301 | D        | Killed a yaktaur
   301 | D        | Reached skill level 5 in Conjurations
   301 | D        | Reached skill level 5 in Hexes
   301 | D        | Reached skill level 5 in Charms
   301 | D        | Reached skill level 5 in Summonings
   301 | D        | Reached skill level 5 in Necromancy
   301 | D        | Reached skill level 5 in Translocations
   301 | D        | Reached skill level 5 in Transmutations
   301 | D        | Reached skill level 5 in Fire Magic
   301 | D        | Reached skill level 5 in Ice Magic
   301 | D        | Reached skill level 5 in Air Magic
   301 | D        | Reached skill level 5 in Earth Magic
   301 | D        | Reached skill level 5 in Poison Magic
   301 | D        | Reached XP level 8. HP: 46/71 MP: 14/17
   302 | D        | Noticed an ice devil
   304 | D        | Killed a yaktaur
   416 | D        | Entered arena 7.
   417 | D        | Reached ****** piety under Cheibriados
   418 | D        | Found a transporter.
   436 | D        | Entered arena 8.
   436 | D        | Noticed a spriggan
   437 | D        | Found the +3 giant club "Skullcrusher" {speed, Str+7}
   442 | D        | Killed a spriggan
   442 | D        | Reached XP level 9. HP: 75/78 MP: 19/19
   451 | D        | Found a transporter.
   518 | D        | Got the ring of Sin {-Tele rF+ MR++ Str+2 Int+5}
   524 | D        | Entered arena 9.
   525 | D        | Found a transporter.
   532 | D        | Reached skill level 10 in Fighting
   532 | D        | Reached skill level 10 in Armour
   532 | D        | Reached skill level 10 in Shields
   542 | D        | Got the ring of Xeasiur {rElec rC+ Dex+4 Slay+4}
   559 | D        | Learned a level 3 spell: Spectral Weapon
   562 | D        | Learned a level 2 spell: Shroud of Golubria
   569 | D        | Learned a level 3 spell: Mephitic Cloud
   570 | D        | Entered arena 10.
   570 | D        | Noticed a black mamba
   570 | D        | Noticed a naga mage
   570 | D        | Noticed a naga mage
   571 | D        | Found a transporter.
   575 | D        | Killed a black mamba
   575 | D        | Killed a naga mage
   577 | D        | Killed a naga mage
   582 | D        | Got the ring of Vudoecs {Dex+9 Stlth-}
   795 | D        | Entered arena 11.
   796 | D        | Reached XP level 10. HP: 86/86 MP: 19/22
   802 | D        | Found a transporter.
   818 | D        | Learned a level 3 spell: Regeneration
   822 | D        | Entered arena 12.
   822 | D        | Noticed a dire elephant
   822 | D        | Noticed a spriggan air mage
   822 | D        | Noticed a satyr
   822 | D        | Noticed a spriggan air mage
   823 | D        | Noticed a spriggan berserker
   824 | D        | Noticed an elephant
   824 | D        | Noticed a spriggan berserker
   824 | D        | Noticed an anaconda
   824 | D        | Killed a spriggan air mage
   824 | D        | Killed a spriggan berserker
   824 | D        | Reached skill level 10 in Axes
   824 | D        | Killed a spriggan air mage
   825 | D        | Killed a spriggan berserker
   825 | D        | Reached skill level 10 in Throwing
   825 | D        | Reached skill level 10 in Invocations
   825 | D        | Killed an anaconda
   825 | D        | Reached XP level 11. HP: 76/93 MP: 7/24
   831 | D        | Killed a dire elephant
   832 | D        | Killed a satyr
   834 | D        | Found a transporter.
   930 | D        | Entered arena 13.
   930 | D        | Noticed a red very ugly thing
   930 | D        | Noticed a cyan very ugly thing
   930 | D        | Noticed a lindwurm
   931 | D        | Noticed a shock serpent
   931 | D        | Noticed a sea snake
   931 | D        | Noticed a purple ugly thing
   931 | D        | Noticed a fire dragon
   931 | D        | Noticed a mana viper
   931 | D        | a sea snake changed into a floating eye
   931 | D        | Noticed an alligator
   931 | D        | a floating eye changed into an alligator
   931 | D        | a lindwurm changed into a floating eye
   932 | D        | Found a transporter.
   932 | D        | Noticed an ice dragon
   932 | D        | a fire dragon changed into an ice dragon
   932 | D        | Noticed a faun
   932 | D        | a mana viper changed into a faun
   932 | D        | Paralysed by a floating eye for 3 turns
   933 | D        | Noticed an entropy weaver
   933 | D        | an alligator changed into an entropy weaver
   934 | D        | Noticed a manticore
   934 | D        | a shock serpent changed into a manticore
   934 | D        | an entropy weaver changed into a tyrant leech
   934 | D        | Gained mutation: You are dopey. (Int -2) [a neqoxec]
   935 | D        | Reached skill level 10 in Short Blades
   935 | D        | Reached skill level 10 in Long Blades
   935 | D        | Reached skill level 10 in Maces & Flails
   935 | D        | Reached skill level 10 in Polearms
   935 | D        | Reached skill level 10 in Staves
   935 | D        | Reached skill level 10 in Slings
   935 | D        | Reached skill level 10 in Bows
   935 | D        | Reached skill level 10 in Crossbows
   935 | D        | Reached skill level 10 in Dodging
   935 | D        | Reached skill level 10 in Stealth
   935 | D        | Reached skill level 10 in Unarmed Combat
   935 | D        | Reached skill level 10 in Spellcasting
   935 | D        | Reached skill level 10 in Evocations
   935 | D        | Noticed an ettin
   935 | D        | a tyrant leech changed into an ettin
   936 | D        | a manticore changed into a floating eye
   936 | D        | an ice dragon changed into a slime creature
   937 | D        | Noticed a spark wasp
   937 | D        | an ettin changed into a spark wasp
   938 | D        | Noticed a wolf spider
   938 | D        | a slime creature changed into a wolf spider
   940 | D        | a wolf spider changed into a torpor snail
   941 | D        | Killed a purple ugly thing
   941 | D        | Killed a cyan very ugly thing
   941 | D        | Reached skill level 10 in Summonings
   941 | D        | Killed a red very ugly thing
   941 | D        | Noticed an unseen horror
   941 | D        | a spriggan changed into an unseen horror
   941 | D        | Noticed an alligator
   941 | D        | a spark wasp changed into an alligator
   942 | D        | an unseen horror changed into a troll
   943 | D        | Noticed an ice dragon
   943 | D        | an alligator changed into an ice dragon
   944 | D        | Killed a faun
   945 | D        | Noticed a satyr
   945 | D        | an ice dragon changed into a satyr
   946 | D        | a satyr changed into a slime creature
  1193 | D        | Identified the Volume of Flamy Feathers (You found it in the Dungeon)
  1201 | D        | Entered arena 14.
  1202 | D        | Noticed a hell knight
  1207 | D        | Killed a hell knight
  1207 | D        | Reached XP level 12. HP: 103/103 MP: 11/26
  1208 | D        | Found a transporter.
  1232 | D        | Got the +3 shield "Tiekk" {rPois rC++}
  1245 | D        | Got the ring of Daq Per {rN+ MR+ MP+9 Int-3}
  1265 | D        | Entered arena 15.
  1266 | D        | Noticed a fire giant
  1266 | D        | Noticed a stone giant
  1267 | D        | Noticed a stone giant
  1267 | D        | Noticed a fire giant
  1268 | D        | Noticed a stone giant
  1272 | D        | Killed a stone giant
  1274 | D        | Killed a fire giant
  1277 | D        | Killed a fire giant
  1278 | D        | Killed a stone giant
  1278 | D        | Reached skill level 10 in Conjurations
  1278 | D        | Reached skill level 10 in Hexes
  1278 | D        | Reached skill level 10 in Charms
  1278 | D        | Reached skill level 10 in Necromancy
  1278 | D        | Reached skill level 10 in Translocations
  1278 | D        | Reached skill level 10 in Transmutations
  1278 | D        | Reached skill level 10 in Fire Magic
  1278 | D        | Reached skill level 10 in Ice Magic
  1278 | D        | Reached skill level 10 in Air Magic
  1278 | D        | Reached skill level 10 in Earth Magic
  1278 | D        | Reached skill level 10 in Poison Magic
  1279 | D        | Killed a stone giant
  1284 | D        | Found a transporter.
  1550 | D        | Identified the Handbook of the Mountains and Venom (You found it in the Dungeon)
  1556 | D        | Learned a level 4 spell: Olgreb's Toxic Radiance
  1578 | D        | Entered arena 16.
  1580 | D        | Reached XP level 13. HP: 114/114 MP: 29/29
  1583 | D        | Found the +2 robe of Vines {NoPotionHeal Regen+7}
  1583 | D        | Found a transporter.
  1609 | D        | Learned a level 4 spell: Summon Lightning Spire
  1611 | D        | Entered arena 17.
  1615 | D        | Noticed an orc warlord
  1616 | D        | Noticed an orc warlord
  1618 | D        | Reached skill level 15 in Throwing
  1619 | D        | Found a transporter.
  1627 | D        | Killed an orc warlord
  1627 | D        | Reached skill level 15 in Fighting
  1628 | D        | Killed an orc warlord
  1673 | D        | Entered arena 18.
  1678 | D        | Noticed Sigmund
  1678 | D        | Noticed Menkaure
  1678 | D        | Noticed Purgy
  1678 | D        | Noticed Ijyb
  1678 | D        | Noticed Nikola
  1678 | D        | Noticed Rupert
  1678 | D        | Noticed Sonja
  1678 | D        | Killed Sonja
  1678 | D        | Noticed Pikel
  1679 | D        | Noticed Kirke
  1679 | D        | Noticed Harold
  1679 | D        | Killed Purgy
  1679 | D        | Killed Sigmund
  1679 | D        | Killed Ijyb
  1679 | D        | Killed Pikel
  1680 | D        | Noticed Edmund
  1680 | D        | Noticed Psyche
  1680 | D        | Killed Menkaure
  1680 | D        | Killed Psyche
  1680 | D        | Killed Rupert
  1680 | D        | Killed Harold
  1680 | D        | Killed Edmund
  1681 | D        | Noticed Crazy Yiuf
  1681 | D        | Killed Crazy Yiuf
  1681 | D        | Killed Kirke
  1681 | D        | Noticed Jessica
  1682 | D        | Killed Nikola
  1682 | D        | Killed Jessica
  1684 | D        | Found a transporter.
  1702 | D        | Got the amulet "Vawkalos" {Inacc Int+6}
  1727 | D        | Identified Bemm's Handbook of Quantum Transmigration (You found it in the Dungeon)
  1734 | D        | Learned a level 5 spell: Alistair's Intoxication
  1736 | D        | Identified the Incunabulum of Toxic Flight (You found it in the Dungeon)
  1799 | D        | Entered arena 19.
  1803 | D        | Noticed a stone giant
  1803 | D        | Noticed a vault guard
  1803 | D        | Noticed a vault guard
  1803 | D        | Noticed a vault guard
  1803 | D        | Noticed a vault guard
  1803 | D        | Noticed a vault guard
  1803 | D        | Noticed a vault guard
  1804 | D        | Noticed a stone giant
  1804 | D        | Noticed a vault guard
  1804 | D        | Noticed a vault guard
  1804 | D        | Noticed a vault guard
  1804 | D        | Noticed a vault guard
  1804 | D        | Noticed a vault guard
  1805 | D        | Noticed a vault guard
  1805 | D        | Noticed a stone giant
  1805 | D        | Killed a vault guard
  1805 | D        | Identified the +8 hand axe of Nopsief {distort, Dex+3}
  1806 | D        | Killed a vault guard
  1806 | D        | Killed a vault guard
  1806 | D        | Killed a vault guard
  1806 | D        | Killed a stone giant
  1807 | D        | Noticed a shadow dragon
  1807 | D        | Killed a vault guard
  1808 | D        | Killed a vault guard
  1808 | D        | Killed a vault guard
  1809 | D        | Noticed a stone giant
  1809 | D        | Killed a stone giant
  1809 | D        | Killed a vault guard
  1809 | D        | Reached XP level 14. HP: 122/126 MP: 10/31
  1813 | D        | Killed a stone giant
  1815 | D        | Found a transporter.
  1823 | D        | Killed a stone giant
  1823 | D        | Reached skill level 15 in Armour
  1823 | D        | Reached skill level 15 in Shields
  1825 | D        | Killed a shadow dragon
  1825 | D        | Reached skill level 15 in Summonings
  1825 | D        | Reached skill level 15 in Invocations
  2095 | D        | Identified the Almanac of Ensnaring Translocation (You found it in the Dungeon)
  2113 | D        | Entered arena 20.
  2134 | D        | Found a transporter.
  2203 | D        | Entered arena 21.
  2207 | D        | Noticed a green draconian
  2207 | D        | Noticed a green draconian
  2207 | D        | Noticed a purple draconian
  2208 | D        | Noticed a red draconian
  2208 | D        | Noticed a purple draconian
  2208 | D        | Noticed a red draconian monk
  2208 | D        | Noticed a green draconian stormcaller
  2208 | D        | Noticed a green draconian
  2208 | D        | Noticed a white draconian
  2208 | D        | Noticed a red draconian shifter
  2208 | D        | Noticed a white draconian
  2208 | D        | Noticed a black draconian monk
  2208 | D        | Noticed a black draconian annihilator
  2209 | D        | Noticed a white draconian
  2209 | D        | Noticed a white draconian
  2209 | D        | Noticed a black draconian monk
  2209 | D        | Noticed a green draconian
  2210 | D        | Noticed a red draconian
  2210 | D        | Noticed a purple draconian
  2210 | D        | Noticed a white draconian shifter
  2212 | D        | Noticed a red draconian
  2212 | D        | Noticed a green draconian
  2212 | D        | Killed a purple draconian
  2213 | D        | Noticed a green draconian
  2216 | D        | Noticed a white draconian
  2216 | D        | Killed a green draconian
  2216 | D        | Killed a white draconian
  2216 | D        | Killed a black draconian monk
  2216 | D        | Reached skill level 15 in Axes
  2218 | D        | Killed a green draconian
  2219 | D        | Killed a purple draconian
  2219 | D        | Killed a red draconian
  2220 | D        | Killed a white draconian shifter
  2221 | D        | Killed a white draconian
  2221 | D        | Killed a white draconian
  2221 | D        | Killed a red draconian shifter
  2222 | D        | Killed a red draconian monk
  2222 | D        | Killed a white draconian
  2222 | D        | Killed a green draconian
  2222 | D        | Reached skill level 15 in Short Blades
  2222 | D        | Reached skill level 15 in Long Blades
  2222 | D        | Reached skill level 15 in Maces & Flails
  2222 | D        | Reached skill level 15 in Polearms
  2222 | D        | Reached skill level 15 in Staves
  2222 | D        | Reached skill level 15 in Slings
  2222 | D        | Reached skill level 15 in Bows
  2222 | D        | Reached skill level 15 in Crossbows
  2222 | D        | Reached skill level 15 in Dodging
  2222 | D        | Reached skill level 15 in Stealth
  2222 | D        | Reached skill level 15 in Unarmed Combat
  2222 | D        | Reached skill level 15 in Spellcasting
  2222 | D        | Reached skill level 15 in Evocations
  2222 | D        | Killed a green draconian
  2222 | D        | Reached XP level 15. HP: 81/138 MP: 4/34
  2223 | D        | Killed a green draconian stormcaller
  2224 | D        | Killed a black draconian monk
  2253 | D        | Got the ring of the Thoughtful Places {*Corrode rElec rC- rN+ Stlth+}
  2255 | D        | Got the ring of Nyoklamn {rElec rPois rF+ rC+}
  2462 | D        | Found a transporter.
  2510 | D        | Entered arena 22.
  2515 | D        | Noticed a purple draconian stormcaller
  2515 | D        | Noticed a black draconian monk
  2515 | D        | Noticed a yellow draconian stormcaller
  2516 | D        | Noticed a red draconian stormcaller
  2516 | D        | Noticed a green draconian shifter
  2517 | D        | Noticed a green draconian monk
  2519 | D        | Noticed a yellow draconian scorcher
  2520 | D        | Noticed a green draconian scorcher
  2521 | D        | Noticed a red draconian scorcher
  2522 | D        | Killed a yellow draconian stormcaller
  2522 | D        | Killed a purple draconian stormcaller
  2522 | D        | Killed a green draconian shifter
  2522 | D        | Killed a red draconian stormcaller
  2523 | D        | HP: 3/141 [acid (9)]
  2523 | D        | Killed from afar by a yellow draconian scorcher

Skill      XL: |  1  2  3  4  5  6  7  8  9 10 11 12 13 14 15 |
---------------+----------------------------------------------+-----
Fighting       | 7 8 9 10 11 12 14 16 18 20 | 20.2
Short Blades   | 2 3 4 5 6 7 8 9 10 12 13 15 16 | 16.1
Long Blades    | 2 3 4 5 6 7 8 9 10 12 13 15 16 | 16.1
Axes           | 5 6 7 8 9 10 11 12 14 15 16 | 16.5
Maces & Flails | 2 3 4 5 6 7 8 9 10 12 13 15 16 | 16.1
Polearms       | 2 3 4 5 6 7 8 9 10 12 13 15 16 | 16.1
Staves         | 2 3 4 5 6 7 8 9 10 12 13 15 16 | 16.1
Slings         | 2 3 4 5 6 7 8 9 10 12 13 15 16 | 16.1
Bows           | 2 3 4 5 6 7 8 9 10 12 13 15 16 | 16.1
Crossbows      | 2 3 4 5 6 7 8 9 10 12 13 15 16 | 16.1
Throwing       | 2 3 4 5 6 7 8 10 12 14 16 19 20 | 20.4
Armour         | 7 8 9 10 11 12 13 14 16 17 | 17.0
Dodging        | 2 3 4 5 6 7 8 9 10 12 13 15 16 | 16.1
Stealth        | 2 3 4 5 6 7 8 9 10 12 13 15 16 | 16.1
Shields        | 7 8 9 10 11 12 13 14 16 17 | 17.0
Unarmed Combat | 2 3 4 5 6 7 8 9 10 12 13 15 16 | 16.1
Spellcasting   | 2 3 4 5 6 7 8 9 10 12 13 15 16 | 16.1
Conjurations   | 1 2 3 4 5 6 7 9 10 11 12 13 | 13.8
Hexes          | 1 2 3 4 5 6 7 9 10 11 12 13 | 13.8
Charms         | 1 2 3 4 5 6 7 9 10 11 12 13 | 13.8
Summonings     | 1 2 3 4 5 6 9 11 12 14 16 17 | 17.7
Necromancy     | 1 2 3 4 5 6 7 9 10 11 12 13 | 13.8
Translocations | 1 2 3 4 5 6 7 9 10 11 12 13 | 13.8
Transmutations | 1 2 3 4 5 6 7 9 10 11 12 13 | 13.8
Fire Magic     | 1 2 3 4 5 6 7 9 10 11 12 13 | 13.8
Ice Magic      | 1 2 3 4 5 6 7 9 10 11 12 13 | 13.8
Air Magic      | 1 2 3 4 5 6 7 9 10 11 12 13 | 13.8
Earth Magic    | 1 2 3 4 5 6 7 9 10 11 12 13 | 13.8
Poison Magic   | 1 2 3 4 5 6 7 9 10 11 12 13 | 13.8
Invocations    | 2 3 4 5 6 7 9 10 11 13 14 16 17 | 17.3
Evocations     | 2 3 4 5 6 7 8 9 10 12 13 15 16 | 16.1

Action                   |  1- 3 |  4- 6 |  7- 9 | 10-12 | 13-15 || total
-------------------------+-------+-------+-------+-------+-------++-------
Melee: Broad axe         |     3 |     8 |    30 |    35 |    70 ||   146
       Bite              |       |     2 |     8 |    11 |    10 ||    31
 Cast: Shroud of Golubri |       |       |     1 |       |       ||     1
       Regeneration      |       |       |       |     1 |     2 ||     3
       Mephitic Cloud    |       |       |       |     1 |       ||     1
       Ignite Poison     |       |       |       |     1 |       ||     1
       Summon Lightning  |       |       |       |       |     6 ||     6
       Olgreb's Toxic Ra |       |       |       |       |     1 ||     1
Invok: Slouch            |       |       |     1 |     9 |    22 ||    32
  Use: Potion            |     1 |       |       |     1 |     4 ||     6
 Stab: Distracted        |       |       |     2 |       |     4 ||     6
  Eat: Chunk             |       |       |       |     1 |     2 ||     3
       Ration            |       |       |       |       |     1 ||     1
Armor: Gold dragon scale |     2 |     8 |    21 |     8 |    40 ||    79
Dodge: Dodged            |     1 |     5 |    16 |    18 |    63 ||   103
Block: Shield            |     3 |    18 |    50 |    38 |    84 ||   193
